 Dungeon Crawl Stone Soup version 0.32-a0-86-g8db1b9f803 (webtiles) character file.

Game seed: 10686472297279574170

1000 BubbleThief the Toxicologist (level 8, -2/67 HPs)
             Began as a Naga Alchemist on Feb 6, 2024.
             Was an Initiate of Elyvilon.
             Slain by a two-headed ogre
             ... wielding a +0 giant spiked club
              (13 damage)
             ... on level 5 of the Dungeon.
             The game lasted 00:07:11 (4098 turns).

BubbleThief the Toxicologist (Naga Alchemist)       Turns: 4098, Time: 00:07:11

Health: -2/67      AC:  4    Str: 18      XL:     8   Next: 19%
Magic:  5/15       EV: 10    Int: 15      God:    Elyvilon [......]
Gold:   195        SH:  0    Dex: 12 (13) Spells: 5/17 levels left

rFire   . . .        i - +11 quarterstaff of Eternal War {flame, Will+}
rCold   . . .        (shield currently unavailable)
rNeg    + . .        a - +0 robe
rPois   +            (no helmet)
rElec   .            v - +0 cloak
rCorr   .            (no gloves)
SInv    +            (no barding)
Will    ++...        (no amulet)
Stlth   ++           x - ring of positive energy
HPRegen 0.31/turn    s - +6 ring of strength
MPRegen 0.14/turn

%: no passive effects
@: very slightly contaminated, very slow
A: AC +2, large, see invisible, deformed body, poison resistance, slowness 2,
spit poison 1, naga tail 1
a: Spit Poison, Renounce Religion


You were on level 5 of the Dungeon.
You worshipped Elyvilon.
Elyvilon was noncommittal.
You visited 1 branch of the dungeon, and saw 5 of its levels.

You collected 195 gold pieces.

Inventory:

Hand Weapons
 g - a +1 short sword of speed
 i - the +11 quarterstaff of Eternal War (weapon) {flame, Will+}
   (You found it on level 2 of the Dungeon)

   Will+:     It increases your willpower.
Armour
 a - a +0 robe (worn)
 v - a +0 cloak (worn)
Jewellery
 n - a +6 ring of dexterity
 s - a +6 ring of strength (right hand)
 x - a ring of positive energy (left hand)
Scrolls
 c - a scroll of blinking {unknown}
 d - 3 scrolls of identify {unknown}
 h - 3 scrolls of silence {unknown}
 k - 2 scrolls of teleportation {unknown}
 m - a scroll of poison {unknown}
 o - 2 scrolls of acquirement {unknown}
 p - 5 scrolls of vulnerability {unknown}
 q - a scroll of noise {unknown}
 r - 3 scrolls of fear {unknown}
 t - 2 scrolls of enchant armour {unknown}
 w - a scroll of fog {unknown}
Potions
 b - a potion of magic
 e - 5 potions of curing {unknown}
 f - 2 potions of might {unknown}
 j - a potion of resistance {unknown}
 l - 2 potions of brilliance {unknown}
 u - a potion of berserk rage {unknown}


   Skills:
 + Level 1.9 Fighting
 - Level 1.5 Dodging
 - Level 3.0 Stealth
 + Level 5.2 Spellcasting
 - Level 1.0 Conjurations
 + Level 1.9 Fire Magic
 - Level 9.0 Alchemy


You had 5 spell levels left.
You knew the following spells:

 Your Spells              Type           Power      Damage    Failure   Level
a - Sting                 Conj/Alch      72%        1d7       1%          1
b - Mephitic Cloud        Conj/Alch/Air  13%        N/A       12%         3
c - Olgreb's Toxic Radia  Alch           30%        N/A       4%          4
d - Sticky Flame          Fire/Alch      20%        2d6       17%         4

Your spell library contained the following spells:

 Spells                   Type           Power      Damage    Failure   Level
 Mercury Vapours          Alch/Air       34%        N/A       3%          2
 Magic Dart               Conj           24%        1d4       11%         1
 Slow                     Hex            12%        N/A       16%         1
 Blink                    Tloc           6%         N/A       24%         2
 Call Imp                 Summ           6%         N/A       24%         2
 Confusing Touch          Hex            3%         N/A       43%         3
 Sigil of Binding         Hex            3%         N/A       43%         3
 Vampiric Draining        Necr           3%         2d6       43%         3


Dungeon Overview and Level Annotations

Branches:
Dungeon (5/15)
 Temple: D:4-7

Altars:
Elyvilon
Qazlal
Trog
Xom
Yredelemnul

Shops:
D:1 =   D:5 *


Innate Abilities, Weirdness & Mutations

Your serpentine skin is tough. (AC +2)
You have supernaturally acute eyesight. (SInv)
Armour fits poorly on your strangely shaped body.
Your system is resistant to poisons. (rPois)
You cover ground very slowly.
You can spit poison.
You have a snake-like lower body.


Message History

Unknown command.
Aiming: Spit Poison (1% risk of failure)
Press: ? - help, Shift-Dir - straight line, f - two-headed ogre
Aim: a two-headed ogre, wielding two +0 giant spiked clubs (noxious fumes, lightly wounded, confused, very poisoned, 97% to hit)
The splash of poison hits the two-headed ogre.
The two-headed ogre looks even sicker.
The two-headed ogre is lightly wounded.
Your toxic aura wanes.
You feel sick.
The two-headed ogre is engulfed in noxious fumes.
Unknown command.
You hit the two-headed ogre. You burn the two-headed ogre.
The two-headed ogre is moderately wounded.
You feel sick.
The two-headed ogre is engulfed in noxious fumes.
The two-headed ogre hits you with a +0 giant spiked club!!
The two-headed ogre barely misses you.
Unknown command.
You hit the two-headed ogre. You burn the two-headed ogre.
The two-headed ogre is moderately wounded.
You feel sick.
The two-headed ogre is engulfed in noxious fumes.
The two-headed ogre ponders the situation.
Unknown command.
You sock the two-headed ogre! You burn the two-headed ogre.
The two-headed ogre is severely wounded.
You feel sick.
Unknown command.
You hit the two-headed ogre. You burn the two-headed ogre.
The two-headed ogre is almost dead.
You have got your breath back.
You feel sick.
You are no longer poisoned.
Unknown command.
You hit the two-headed ogre. You burn the two-headed ogre.
The two-headed ogre is almost dead.
The two-headed ogre hits you with a +0 giant spiked club!!
* * * LOW HITPOINT WARNING * * *
The two-headed ogre hits you with a +0 giant spiked club!
You die...

#######......####....#.######..
#......## ####..PP.# #♣.
#.......### #.♣.PP## ##
#.........# ##♣..♣.##
#...#'###+# ♣♣♣...# ##.##.....#
###.# #.##.###.# ##.# #.####
#..#....○#....# #....#
#..'.._@.'☼# ####..
#.##..)O☼### #####. #.##.###.#
#..... #.##.....# #.....
#..#'###+# #..... #........#
#..... #.######## ###### #.#
#.#


You could see a two-headed ogre (confused, very poisoned).

Vanquished Creatures
  Prince Ribbit (D:5)
  An orc warrior (D:4)
  Pargi (D:3)
  2 scorpions
  2 quasits (D:5)
  2 hounds
  2 orc priests (D:4)
  A jelly (D:5)
  An iguana (D:4)
  2 orc wizards (D:4)
  9 adders
  3 shadow imps (D:5)
  2 white imps (D:5)
  A ribbon worm (D:2)
  10 orcs
  7 ball pythons
  6 endoplasms
  3 giant cockroaches
  5 goblins
  10 hobgoblins
  5 jackals (D:1)
  3 quokkas
  3 bats
  3 frilled lizards
  6 kobolds
  3 rats
94 creatures vanquished.

Notes
Turn   | Place    | Note
-------+----------+-------------------------------------------
     0 | D:1      | BubbleThief the Naga Alchemist began the quest for the Orb.
     0 | D:1      | Reached XP level 1. HP: 15/15 MP: 3/3
   160 | D:1      | Reached skill level 4 in Alchemy
   171 | D:1      | Reached XP level 2. HP: 22/22 MP: 5/5
   174 | D:1      | Found Biwa's Jewellery Shop.
   691 | D:1      | Reached XP level 3. HP: 28/28 MP: 6/6
  1066 | D:2      | Identified the +11 quarterstaff of Eternal War {flame,
                  | Will+}
  1101 | D:2      | Found a faded altar of an unknown god.
  1199 | D:2      | Found a shimmering altar of Xom.
  1290 | D:2      | Reached skill level 5 in Alchemy
  1410 | D:2      | Reached XP level 4. HP: 36/36 MP: 2/8
  1916 | D:3      | Learned a level 3 spell: Mephitic Cloud
  1921 | D:3      | Learned a level 4 spell: Olgreb's Toxic Radiance
  2078 | D:3      | Found a stormy altar of Qazlal.
  2179 | D:3      | Noticed Pargi
  2189 | D:3      | Killed Pargi
  2190 | D:3      | Reached skill level 6 in Alchemy
  2190 | D:3      | Reached XP level 5. HP: 39/42 MP: 4/10
  2706 | D:4      | Reached XP level 6. HP: 44/49 MP: 8/11
  2711 | D:4      | Learned a level 4 spell: Sticky Flame
  2770 | D:4      | Reached skill level 7 in Alchemy
  2826 | D:4      | Noticed an orc warrior
  2872 | D:4      | Reached XP level 7. HP: 31/55 MP: 0/13
  2874 | D:4      | Found a white marble altar of Elyvilon.
  2893 | D:4      | Reached skill level 8 in Alchemy
  3120 | D:4      | Found a bloodstained altar of Trog.
  3373 | D:4      | Became a worshipper of Elyvilon the Healer
  3406 | D:5      | Entered Level 5 of the Dungeon
  3463 | D:5      | Noticed Prince Ribbit
  3470 | D:5      | Killed Prince Ribbit
  3471 | D:5      | Reached skill level 9 in Alchemy
  3591 | D:5      | Found Ameic's Neck Hole.
  3674 | D:5      | Reached skill level 1 in Fighting
  3674 | D:5      | Reached skill level 5 in Spellcasting
  3674 | D:5      | Reached skill level 1 in Fire Magic
  3674 | D:5      | Reached XP level 8. HP: 53/64 MP: 10/15
  4068 | D:5      | Found a basalt altar of Yredelemnul.
  4088 | D:5      | Noticed a two-headed ogre
  4098 | D:5      | Slain by a two-headed ogre

Illustrated notes

Levels and vault maps discovered:
D:1:      mushboom_english_gardens, layout_basic, serial_shops, shop
D:2:      layout_loops_cross, hellmonk_ecumenical_altar_arch_garden,
          basic_altar, amethyst_killhole
D:3:      layout_loops_cross, mainiacjoe_overflow_paths, grunt_ministairs_14,
          corexii_shack, uniq_pargi
D:4:      layout_cave_pools, nicolae_elyvilon_temple_path, lemuel_crystal_altar
D:5:      layout_basic, mainiacjoe_overflow_six_doors_small, serial_demonic,
          serial_demonic_c, serial_demonic_e, serial_demonic_b,
          serial_demonic_a, gammafunk_ghost_smash,
          nicolae_shop_sticking_my_neck_out, uniq_prince_ribbit1

Skill      XL: |  1  2  3  4  5  6  7 |
---------------+----------------------+-----
Alchemy        | 4 5 6 7 9 |  9.0
Spellcasting   | 3 4 5 |  5.2
Fighting       | 1 |  1.9
Fire Magic     | 1 |  1.9
Dodging        | |  1.5
Stealth        | |  3.0
Conjurations   | |  1.0

Action                     |  1- 3 |  4- 6 |  7- 9 || total
---------------------------+-------+-------+-------++-------
  Melee: Short sword       |     4 |       |       ||     4
         Quarterstaff      |    10 |    31 |    31 ||    72
   Cast: Sting             |    37 |    27 |    12 ||    76
         Mephitic Cloud    |       |     1 |     2 ||     3
         Olgreb's Toxic Ra |       |     4 |     6 ||    10
Ability: Spit Poison       |    29 |    25 |    11 ||    65
   Stab: Sleeping          |     1 |     1 |       ||     2
 Armour: Robe              |    21 |    21 |    34 ||    76
  Dodge: Dodged            |    23 |    26 |    21 ||    70

Table legend: (Time is in decaauts)
 A = Elapsed time spent in this place.
 B = Non-inter-level travel time spent in this place.
 C = Inter-level travel time spent in this place.
 D = Time resting spent in this place.
 E = Time spent auto-exploring this place.
 F = Levels seen in this place.
 G = Mean time per level.
                   A        B        C        D        E       F      G
               +--------+--------+--------+--------+--------+-----+--------+
         Total |   5238 |   5076 |    162 |      0 |   4291 |   5 | 1047.6 |
       Dungeon |   5238 |   5076 |    162 |      0 |   4291 |   5 | 1047.6 |
               +--------+--------+--------+--------+--------+-----+--------+

Top non-repeatable levels by time:
     D:1: 1346 daAuts
     D:2: 1047 daAuts
     D:3: 1019 daAuts
     D:4: 961 daAuts
     D:5: 863 daAuts
